 Dungeon Crawl Stone Soup version 0.27-a0-1066-g29160eaed2 (webtiles) character file.

Game seed: 15507149511500754346

13 LordDeathwing the Shield-Bearer (level 2, 27/27 HPs)
             Began as a Minotaur Fighter on Apr 24, 2021.
             Was a Follower of Vehumet.
             Quit the game on level 1 of the Dungeon.
             The game lasted 00:01:23 (299 turns).

LordDeathwing the Shield-Bearer (Minotaur Fighter)   Turns: 299, Time: 00:01:24

Health: 27/27      AC:  7    Str: 20    XL:     2   Next: 24%
Magic:  1/1        EV:  7    Int:  5    God:    Vehumet [*.....]
Gold:   23         SH:  9    Dex:  9    Spells: 1/1 levels left

rFire    . . .     SeeInvis .   a - +0 trident
rCold    . . .     Faith    .   c - +0 kite shield
rNeg     . . .     Spirit   .   b - +0 scale mail
rPois    .         Reflect  .   (helmet restricted)
rElec    .         Harm     .   (no cloak)
rCorr    .         Rampage  .   (no gloves)
Will     .....                  (no boots)
Stlth    ..........             (no amulet)
HPRegen  0.09/turn              (no ring)
MPRegen  0.07/turn              (no ring)

@: no status effects
A: horns 2, retaliatory headbutt
a: Renounce Religion


You were on level 1 of the Dungeon.
You worshipped Vehumet.
Vehumet was aware of your devotion.
You visited 1 branch of the dungeon, and saw 1 of its levels.

You collected 23 gold pieces.

Inventory:

Hand Weapons
 a - a +0 trident (weapon)
Armour
 b - a +0 scale mail (worn)
 c - a +0 kite shield (worn)
Scrolls
 e - a scroll of magic mapping {unknown}
Potions
 d - a potion of might
 f - a potion of heal wounds {unknown}


   Skills:
 + Level 3.8 Fighting
 * Level 3.0 Polearms
 + Level 3.8 Armour
 + Level 3.8 Shields


You had one spell level left.
You didn't know any spells.
Your spell library was empty.

Dungeon Overview and Level Annotations

Branches:
Dungeon (1/15)

Altars:
Vehumet


Innate Abilities, Weirdness & Mutations

You have a pair of horns on your head.
You reflexively headbutt those who attack you in melee.


Message History

The rat bites you but does no damage.
You closely miss the rat. Your headbutt misses the rat.
The rat bites you but does no damage.
Your shield and scale mail prevent you from hitting the rat.
The rat bites you. The rat barely misses you.
You hit the rat.
You kill the rat!
Found 13 arrows.
You open the door.
There is an open door here.
A ball python comes into view.
The ball python hisses angrily.
The ball python bites you but does no damage.
The ball python barely misses you.
You hit the ball python.
The ball python is severely wounded.
You block the ball python's attack. The ball python grabs you.
The ball python constricts you.
You closely miss the ball python.
The ball python is severely wounded.
The ball python bites you but does no damage.
The ball python constricts you. You block the ball python's attack.
The ball python constricts you.
You puncture the ball python!
You kill the ball python!
Your Polearms skill increases to level 3!
You see here a ball python corpse.
You see here 13 arrows.
You open the door.
Found a faded altar of an unknown god.
There is an open door here.
There is a faded altar of an unknown god here.
You cannot tell which god this altar belongs to.
Convert to them anyway?
Vehumet accepts your prayer! Vehumet welcomes you!
You can now gain magical power from killing.
Vehumet offers you knowledge of Magic Dart.
Unknown command.
Press < or > to pray at altars.
Are you sure you want to abandon this character and quit the game? (Confirm with "yes".)

.............#...#..#.
#.............#.#..#.
#....................
##.#..................
#..............#...###
#######.########......
#..#.#..#88.# #.#....
#..'.#..#...# #.#..##
#..#@#..##'## #.#..#
#..#_#......# #.##.#
#..###..#...# #.##.#
###......##### #.##.##
#..###...# #.##..#
#...(.#####.. #....
#....†....... #.###..
###......#### #......
........## #.####.


There were no monsters in sight!

Vanquished Creatures
  2 ball pythons (D:1)
  4 jackals (D:1)
  3 kobolds (D:1)
  A rat (D:1)
10 creatures vanquished.

Notes
Turn   | Place    | Note
-------+----------+-------------------------------------------
     0 | D:1      | LordDeathwing the Minotaur Fighter began the quest for the
                  | Orb.
     0 | D:1      | Reached XP level 1. HP: 19/19 MP: 0/0
    48 | D:1      | Reached XP level 2. HP: 15/27 MP: 1/1
   294 | D:1      | Found a faded altar of an unknown god.
   297 | D:1      | Became a worshipper of Vehumet
   297 | D:1      | Reached * piety under Vehumet
   297 | D:1      | Offered knowledge of Magic Dart by Vehumet.
   299 | D:1      | Quit the game

Illustrated notes

Levels and vault maps discovered:
D:1:      minmay_arrival_plants_in_alcoves, layout_basic,
          shapermc_ecumenical_altar_mp_vishouse, serial_shops, shop

Skill      XL: |  1  2 |
---------------+-------+-----
Polearms       | 3 |  3.0
Fighting       | |  3.8
Armour         | |  3.8
Shields        | |  3.8

Action                   || total
-------------------------++-------
Melee: Trident           ||    32
       Headbutt          ||     1
Armor: Scale mail        ||    17
Dodge: Dodged            ||     8
Block: Kite shield       ||    11

Table legend: (Time is in decaauts)
 A = Elapsed time spent in this place.
 B = Non-inter-level travel time spent in this place.
 C = Inter-level travel time spent in this place.
 D = Time resting spent in this place.
 E = Time spent auto-exploring this place.
 F = Levels seen in this place.
 G = Mean time per level.
                   A        B        C        D        E       F      G
               +--------+--------+--------+--------+--------+-----+--------+
         Total |    311 |    311 |      0 |      0 |    233 |   1 |  311.0 |
       Dungeon |    311 |    311 |      0 |      0 |    233 |   1 |  311.0 |
               +--------+--------+--------+--------+--------+-----+--------+

Top non-repeatable levels by time:
     D:1: 311 daAuts
